 Dungeon Crawl Stone Soup version 0.30-a0-51-g784eafce7f (webtiles) character file.

Game seed: 16777974841547923395

1492 Newt the Charlatan (level 8, -1/70 HPs)
             Began as a Grey Draconian Monk on Sept 5, 2022.
             Slain by a water moccasin (8 damage)
             ... on level 6 of the Dungeon.
             The game lasted 00:06:47 (6706 turns).

Newt the Charlatan (Grey Draconian Monk)            Turns: 6706, Time: 00:06:48

Health: -1/70      AC: 11    Str: 15    XL:     8   Next: 51%
Magic:  17/17      EV: 13    Int: 12    God:
Gold:   198        SH:  0    Dex: 13    Spells: 7/7 levels left

rFire   . . .      SeeInvis .    m - +2 whip (venom)
rCold   . . .      Faith    .    (no shield)
rNeg    . . .      Spirit   .    (body armour unavailable)
rPois   .          Reflect  .    (helmet restricted)
rElec   .          Harm     .    (no cloak)
rCorr   .          Rampage  .    (no gloves)
Will    .....                    (no boots)
Stlth   ++........               (no amulet)
HPRegen 0.21/turn                v - ring of magical power
MPRegen 0.15/turn                (no ring)

@: mighty
A: AC +11, amphibious, unfitting armour, cold-blooded
a: no special abilities


You were on level 6 of the Dungeon.
You visited 1 branch of the dungeon, and saw 6 of its levels.
You also visited: Sewer.

You collected 198 gold pieces.

Inventory:

Hand Weapons
 a - a +0 mace
 c - a +1 vampiric halberd
 m - a +2 whip of venom (weapon)
Missiles
 w - a throwing net (quivered)
Jewellery
 v - a ring of magical power (left hand)
Wands
 q - a wand of flame (15)
Scrolls
 f - 3 scrolls of enchant armour
 i - 2 scrolls of teleportation
 l - a scroll of magic mapping
 n - a scroll of blinking
 r - 3 scrolls of fog
 u - 2 scrolls of identify
 x - a scroll of poison {unknown}
Potions
 b - a potion of invisibility
 d - 5 potions of degeneration
 e - a potion of haste {unknown}
 g - a potion of resistance {unknown}
 h - a potion of might
 j - a potion of curing
 k - a potion of experience {unknown}
 o - 2 potions of mutation {unknown}
 p - a potion of lignification {unknown}
 s - a potion of brilliance {unknown}
 t - a potion of attraction {unknown}
 z - a potion of heal wounds {unknown}


   Skills:
 - Level 6.0 Fighting
 - Level 6.0 Maces & Flails
 - Level 4.0 Dodging
 - Level 2.0 Stealth
 + Level 7.2 Evocations


You had 7 spell levels left.
You didn't know any spells.
Your spell library was empty.

Dungeon Overview and Level Annotations

Branches:
Dungeon (6/15)             Temple (0/1) D:5           Sewer (visited)

Altars:
Gozag
Hepliaklqana
Kikubaaqudgha
Makhleb
Nemelex Xobeh


Innate Abilities, Weirdness & Mutations

Your dull iron-grey scales are very hard. (AC +11)
You are amphibious.
You cannot fit into any form of body armour.
You are cold-blooded and may be slowed by cold attacks.


Message History

The water moccasin bites you but does no damage.
You feel sick.
You feel sick. The water moccasin barely misses you.
The water moccasin attacks as you move away!
The water moccasin completely misses you.
You feel sick.
You feel sick.
The water moccasin attacks as you move away!
The water moccasin bites you but does no damage.
You feel sick.
You are no longer poisoned.
The water moccasin bites you.
* * * LOW HITPOINT WARNING * * *
You are poisoned.
The water moccasin poisons you!
The water moccasin attacks as you move away!
The water moccasin bites you.
* * * LOW HITPOINT WARNING * * *
x2 You feel very sick.
There is a stone staircase leading down here.
Unknown command.
It was a potion of might.
You feel very mighty all of a sudden.
* * * LOW HITPOINT WARNING * * *
You feel sick. The water moccasin bites you.
* * * LOW HITPOINT WARNING * * *
The water moccasin closely misses you.
It was a potion of curing.
You feel better.
The water moccasin completely misses you.
The orc hits you but does no damage.
The orc priest begins to cast a cantrip, but forgets the words!
The water moccasin bites you but does no damage.
The orc hits you but does no damage.
You climb downwards.
There is a stone staircase leading up here.
Unknown command.
You barely miss the water moccasin. The water moccasin bites you.
* * * LOW HITPOINT WARNING * * *
The water moccasin bites you!
You die... #.#########5### ......S@o...... #.#########.###

You could see a water moccasin, a white imp (asleep) and an orc.

Vanquished Creatures
  Prince Ribbit (D:5)
  A water moccasin (D:5)
  An orc warrior (D:5)
  A black bear (D:5)
  An ogre (D:5)
  A centaur (D:5)
  2 phantoms (D:4)
  A kobold brigand (Sewer)
  A scorpion (D:4)
  An orc priest (D:4)
  A jelly (D:5)
  3 iron imps (D:4)
  Jessica (D:2)
  2 iguanas (D:5)
  2 orc wizards
  Natasha (thrice) (D:2)
  10 adders
  A gnoll (D:1)
  10 worms
  2 dart slugs
  10 orcs
  5 bats
  7 endoplasms
  3 giant cockroaches
  6 goblins
  8 hobgoblins
  6 jackals
  8 quokkas
  12 ball pythons
  7 frilled lizards
  14 kobolds
  14 rats
146 creatures vanquished.

Vanquished Creatures (others)
  17 demonic plants (D:2)
  6 plants
  4 toadstools (D:1)
27 creatures vanquished.

Grand Total: 173 creatures vanquished

Notes
Turn   | Place    | Note
-------+----------+-------------------------------------------
     0 | D:1      | Newt the Draconian Monk began the quest for the Orb.
     0 | D:1      | Reached XP level 1. HP: 19/19 MP: 1/1
   107 | D:1      | Reached XP level 2. HP: 27/27 MP: 2/2
   215 | D:1      | Reached XP level 3. HP: 23/33 MP: 3/3
  1704 | D:2      | Reached XP level 4. HP: 30/40 MP: 4/4
  1851 | D:2      | Found a faded altar of an unknown god.
  1888 | D:2      | Noticed Natasha
  1889 | D:2      | Found a sparkling altar of Nemelex Xobeh.
  1900 | D:2      | Killed Natasha
  1921 | D:2      | Noticed Jessica
  1926 | D:2      | Killed Jessica
  1927 | D:2      | Reached skill level 5 in Maces & Flails
  2206 | D:2      | Noticed Natasha
  2216 | D:2      | Killed Natasha
  2217 | D:2      | Reached XP level 5. HP: 15/46 MP: 5/5
  2277 | D:2      | Noticed Natasha
  2292 | D:2      | Killed Natasha
  2946 | D:3      | Found a faded altar of an unknown god.
  2982 | D:3      | Found a glowing drain.
  3050 | Sewer    | Entered a sewer
  3733 | Sewer    | Reached XP level 6. HP: 25/52 MP: 6/6
  4280 | D:3      | Found an opulent altar of Gozag.
  4333 | D:3      | Found a hazy altar of Hepliaklqana.
  4536 | D:4      | Reached skill level 5 in Fighting
  4624 | D:4      | Your scales start taking on a dull iron-grey colour.
  4624 | D:4      | Reached XP level 7. HP: 52/61 MP: 7/7
  4925 | D:4      | Reached skill level 1 in Evocations
  5064 | D:4      | Reached skill level 2 in Evocations
  5175 | D:4      | Found a burning altar of Makhleb.
  5214 | D:4      | Reached skill level 3 in Evocations
  5400 | D:5      | Entered Level 5 of the Dungeon
  5663 | D:5      | Found a staircase to the Ecumenical Temple.
  5703 | D:5      | Reached skill level 4 in Evocations
  6020 | D:5      | Reached skill level 5 in Evocations
  6020 | D:5      | Reached XP level 8. HP: 70/70 MP: 8/8
  6211 | D:5      | Noticed Prince Ribbit
  6243 | D:5      | Killed Prince Ribbit
  6244 | D:5      | Reached skill level 6 in Evocations
  6625 | D:5      | Found an ancient bone altar of Kikubaaqudgha.
  6685 | D:5      | Reached skill level 7 in Evocations
  6702 | D:5      | HP: 3/70 [poisoned by a water moccasin]
  6706 | D:6      | Slain by a water moccasin

Illustrated notes

Levels and vault maps discovered:
D:1:      ldierk_walled_garden_2, layout_rooms, minmay_misc_feat_encased
D:2:      layout_basic, shapermc_ecumenical_altar_gd, basic_altar,
          minmay_misc_feat_tiny, dreamdust_princess_corridor, eino_tiny_chamber,
          wad_orctagon, uniq_jessica, uniq_natasha
D:3:      layout_rooms, nicolae_overflow_ecumenical_swirl, grunt_gozag_statues,
          portal_sewer_entry_b
D:4:      layout_rooms, demons_altar, kennysheep_generic_room_10
D:5:      layout_loops_corners, lemuel_doored_altar,
          minmay_temple_entry_enclosed_plants, uniq_prince_ribbit1
D:6:      layout_loops_ring, minitemple, nicolae_inconvenience_store,
          corner_web_ring, minmay_ruined_shrine

Skill      XL: |  1  2  3  4  5  6  7  8 |
---------------+-------------------------+-----
Stealth        | 2 |  2.0
Fighting       | 4 5 6 |  6.0
Maces & Flails | 4 5 6 |  6.0
Dodging        | 3 4 |  4.0
Evocations     | 5 7 |  7.2

Action                   |  1- 3 |  4- 6 |  7- 9 || total
-------------------------+-------+-------+-------++-------
Melee: Mace              |   117 |   170 |       ||   287
       Tailslap          |    13 |    47 |    25 ||    85
       Punch             |     2 |     3 |     2 ||     7
       Whip              |       |   115 |   176 ||   291
  Use: Scroll            |     3 |     7 |       ||    10
       Potion            |     1 |       |     3 ||     4
 Stab: Sleeping          |     3 |     3 |     2 ||     8
       Distracted        |     1 |       |       ||     1
Armor: Skin              |    42 |    62 |    56 ||   160
Dodge: Dodged            |   105 |   123 |   103 ||   331

Table legend: (Time is in decaauts)
 A = Elapsed time spent in this place.
 B = Non-inter-level travel time spent in this place.
 C = Inter-level travel time spent in this place.
 D = Time resting spent in this place.
 E = Time spent auto-exploring this place.
 F = Levels seen in this place.
 G = Mean time per level.
                   A        B        C        D        E       F      G
               +--------+--------+--------+--------+--------+-----+--------+
         Total |   6775 |   6676 |     99 |   1362 |   4135 |   7 |  967.9 |
       Dungeon |   5680 |   5581 |     99 |   1069 |   3540 |   6 |  946.7 |
         Sewer |   1095 |   1095 |      0 |    293 |    594 |   1 | 1095.0 |
               +--------+--------+--------+--------+--------+-----+--------+

Top non-repeatable levels by time:
     D:2: 1746 daAuts
     D:5: 1285 daAuts
     D:1: 1214 daAuts
   Sewer: 1095 daAuts
     D:4: 851 daAuts
     D:3: 581 daAuts
     D:6: 0 daAuts
